 Dungeon Sprint DCSS version 0.23.2-30-g0e89c35649 (webtiles) character file.

Game seed: 2128189907868080271

29488 Kobolds4U the Fencer (level 13, -22/136 HPs)
             Began as a Minotaur Berserker on June 11, 2019.
             Was an Elder of Trog.
             Killed from afar by Lom Lobon (64 damage)
             ... with a great icy blast
             ... in the Dungeon (Sprint I: "Red Sonja").
             The game lasted 00:40:35 (4599 turns).

Kobolds4U the Fencer (Minotaur Berserker)           Turns: 4599, Time: 00:40:37

Health: -22/136    AC: 26    Str: 28    XL:     13   Next: 15%
Magic:  7/19       EV: 32    Int:  4    God:    Trog [****..]
Gold:   2750       SH:  2    Dex: 19    Spells: 12/12 levels left

rFire    + . .     SeeInvis .   o - +1 triple sword (holy)
rCold    + + .     Gourm    .   (shield currently unavailable)
rNeg     + . .     Faith    .   c - +0 plate armour
rPois    +         Spirit   .   (helmet restricted)
rElec    +         Reflect  +   u - +1 cloak of Starlight {rElec rC+ EV+4 Stlth--}
rCorr    +         Harm     .   s - +0 pair of gloves
MR       ++++.     NoTele   +   r - +1 pair of boots of Depression {rN+ Regen+}
Stlth    ..........             M - +2 amulet of reflection
HPRegen  1.72/turn              S - +5 ring of evasion
MPRegen  0.16/turn              A - ring "Juniwk" {rPois MR++ Stlth+}

@: mighty, agile, silence, resistant, frozen, very slightly contaminated,
regenerating, hasted, very quick
A: retaliatory headbutt, horns 2
a: Renounce Religion


You were in the Dungeon.
You worshipped Trog.
Trog was greatly pleased with you.
You were not hungry.

You visited 1 branch You collected 6424 gold pieces.
You spent 3674 gold pieces at shops.

Inventory:

Hand Weapons
 a - a +3 triple sword of draining
 o - a +1 triple sword of holy wrath (weapon)
 p - a +0 falchion
 q - a +0 antimagic scimitar
 t - a +4 falchion of electrocution
 w - a +5 great sword of holy wrath
 D - a +3 long sword of holy wrath
 E - a +1 great sword of flaming
 G - a +7 antimagic scimitar
 J - a +5 scimitar of holy wrath
 Q - a +5 longbow of freezing
Missiles
 z - 4 javelins of returning (quivered)
 R - 7 silver javelins
Armour
 c - a +0 plate armour (worn)
 k - a +2 leather armour of fire resistance
 r - the +1 pair of boots of Depression (worn) {rN+ Regen+}
   (You found it in the Dungeon)

   It protects you from negative energy.
   It increases your rate of regeneration.
 s - a +0 pair of gloves (worn)
 u - the +1 cloak of Starlight (worn) {rElec rC+ EV+4 Stlth--}
   (You bought it in a shop in the Dungeon)

   It affects your evasion (+4).
   It protects you from cold.
   It insulates you from electricity.
   It makes you much less stealthy.
Jewellery
 v - an uncursed ring of see invisible
 y - an uncursed amulet of harm
 A - the ring "Juniwk" (right hand) {rPois MR++ Stlth+}
   (You bought it in a shop in the Dungeon)

   [ring of poison resistance]

   It protects you from poison.
   It affects your resistance to hostile enchantments.
   It makes you more stealthy.
 B - an uncursed ring of protection from fire
 C - an uncursed ring of positive energy
 M - a +2 amulet of reflection (around neck)
 S - a +5 ring of evasion (left hand)
 U - an uncursed ring of flight
 V - an uncursed ring of magical power
Wands
 j - a wand of random effects (14)
 F - a wand of digging (3)
 H - a wand of disintegration (20)
Scrolls
 b - 2 scrolls of enchant weapon
 i - 2 scrolls of blinking
 m - 3 scrolls of enchant armour
 x - 2 scrolls of remove curse
 I - a scroll of identify
 L - a scroll of fog
Potions
 d - 4 potions of curing
 g - 2 potions of magic
 h - 2 potions of berserk rage
 N - a potion of agility
Miscellaneous
 P - a box of beasts
Comestibles
 l - 5 rations


   Skills:
 + Level 18.6 Fighting
 + Level 20.6 Long Blades
 - Level 10.3 Throwing
 + Level 18.8 Armour
 - Level 14.0 Dodging
 - Level 10.0 Evocations


You had 12 spell levels left.
You didn't know any spells.
Your spell library was empty.

Dungeon Overview and Level Annotations

Branches:
Dungeon (1/1)

Altars:
Cheibriados
Dithmenos
Elyvilon
Fedhas
Gozag
Hepliaklqana
Kikubaaqudgha
Makhleb
Nemelex Xobeh
Okawaru
Qazlal
Ru
Sif Muna
Trog
Uskayaw
Vehumet
Wu Jian
Xom
Yredelemnul
Zin
The Shining One
Jiyva
Lugonu

Shops:
D *?[?(*((}:**[=[[%:

Annotations:
D exclusion: door, Lom Lobon, Tiamat


Innate Abilities, Weirdness & Mutations

You reflexively headbutt those who attack you in melee.
You have a pair of horns on your head.


Message History

You are encased in ice.
You slice Lom Lobon like a ripe choko!!!
Lom Lobon convulses!
Your headbutt misses Lom Lobon.
Lom Lobon is moderately wounded.
You are engulfed in freezing vapours.
You resist.
You barely miss Lom Lobon.
Lom Lobon is moderately wounded.
You are engulfed in freezing vapours.
You resist. Lom Lobon misses you. You furiously retaliate!
You headbutt Lom Lobon. You chop Lom Lobon into pieces!!!
Lom Lobon convulses!!!
Lom Lobon is severely wounded.
You are engulfed in freezing vapours.
You resist.
You miss Lom Lobon.
Lom Lobon is severely wounded.
You are engulfed in freezing vapours.
You resist.
* * * LOW HITPOINT WARNING * * *
Lom Lobon gestures at you.
Lom Lobon conjures a mighty blast of ice!
The great icy blast engulfs you!!! You partially resist.
You die...

........÷###
#≈≈≈≈≈########..○
.....#####
####≈≈≈≈#≈≈≈≈≈#..°°
....## ○°
#..#+≈≈≈+≈≈.≈≈+.°°. ...##
○○○ #...##≈≈#≈≈≈≈≈#≈≈≈°
...# °.○○
#....######'#####≈≈ ####
°.○○○ #....#≈≈§≈§≈≈≈≈≈##≈
≈≈≈≈≈≈.
°^°°○§#######○°○§≈≈≈≈≈≈≈≈
#######
.°.○§§§§§#|.'☼○.§≈≈≈≈≈≈#≈
0..+
....○○#§@&)○#........≈≈≈#
#### #####
###################


You could see Lom Lobon.

Vanquished Creatures
  A golden dragon (D)
  A deep elf master archer (D)
  A shadow dragon (D)
  4 fire giants (D)
  A lorocyproca (D)
  A deep elf annihilator (D)
  A mummy priest (D)
  A hydra (D)
  2 centaur warriors (D)
  7 unseen horrors (D)
  A deep troll (D)
  A lindwurm (D)
  2 oklob plants (D)
  A gargoyle (D)
  2 kobold demonologists (D)
  4 demonic crawlers (D)
  A hellwing (D)
  A meliai (D)
  A hornet (D)
  A slime creature (D)
  Sigmund (D)
  2 redbacks (D)
  A yak (D)
  13 hogs (D)
  3 floating eyes (D)
  An ogre (D)
  7 necrophages (D)
  8 jellies (D)
  Ijyb (D)
  3 ballistomycetes (D)
75 creatures vanquished.

Vanquished Creatures (collateral kills)
  the Lernaean hydra (D)
  A daeva (D)
  Sonja (D)
3 creatures vanquished.

Vanquished Creatures (others)
  2 merfolk sirens (D)
  A gargoyle (D)
  4 hornets (D)
  2 ball lightnings (D)
  2 ballistomycete spores (D)
  3 blocks of ice (D)
14 creatures vanquished.

Grand Total: 92 creatures vanquished

Notes
Turn   | Place    | Note
-------+----------+-------------------------------------------
     0 | D        | Kobolds4U the Minotaur Berserker began the quest for the
                  | Orb.
     0 | D        | Reached XP level 1. HP: 19/19 MP: 0/0
     1 | D        | Noticed Ijyb
    18 | D        | Killed Ijyb
    18 | D        | Reached skill level 6 in Long Blades
    18 | D        | Reached XP level 2. HP: 12/30 MP: 1/1
   190 | D        | Noticed an ogre
   193 | D        | Killed an ogre
   193 | D        | Reached skill level 8 in Long Blades
   193 | D        | Reached XP level 3. HP: 41/41 MP: 2/2
   193 | D        | Reached XP level 4. HP: 49/49 MP: 3/3
   240 | D        | Noticed Sigmund
   248 | D        | Killed Sigmund
   248 | D        | Reached ** piety under Trog
   248 | D        | Reached skill level 11 in Long Blades
   248 | D        | Reached XP level 5. HP: 60/60 MP: 4/4
   248 | D        | Reached XP level 6. HP: 68/68 MP: 5/5
   263 | D        | Found an ornate altar of the Wu Jian Council.
   263 | D        | Found a deep blue altar of Sif Muna.
   265 | D        | Found a radiant altar of Vehumet.
   282 | D        | Found Dagredy's Magic Scroll Emporium.
   282 | D        | Found an ancient bone altar of Kikubaaqudgha.
   282 | D        | Found a hazy altar of Hepliaklqana.
   282 | D        | Found a stormy altar of Qazlal.
   282 | D        | Found a hide-covered altar of Uskayaw.
   282 | D        | Found a blossoming altar of Fedhas.
   282 | D        | Found a bloodstained altar of Trog.
   282 | D        | Found an iron altar of Okawaru.
   282 | D        | Found a basalt altar of Yredelemnul.
   282 | D        | Found a glowing golden altar of the Shining One.
   282 | D        | Found a snail-covered altar of Cheibriados.
   282 | D        | Found a sacrificial altar of Ru.
   282 | D        | Found a glowing silver altar of Zin.
   282 | D        | Found a shadowy altar of Dithmenos.
   282 | D        | Found a white marble altar of Elyvilon.
   282 | D        | Noticed a yak
   293 | D        | Killed a yak
   294 | D        | Found an opulent altar of Gozag.
   297 | D        | Found a sparkling altar of Nemelex Xobeh.
   301 | D        | Bought a scroll of summoning for 95 gold pieces
   301 | D        | Bought a scroll of identify for 20 gold pieces
   470 | D        | Found a burning altar of Makhleb.
   470 | D        | Found a viscous altar of Jiyva.
   470 | D        | Found a shimmering altar of Xom.
   470 | D        | Found a corrupted altar of Lugonu.
   470 | D        | Noticed a slime creature
   481 | D        | Killed a slime creature
   481 | D        | Reached *** piety under Trog
   481 | D        | Reached skill level 12 in Long Blades
   481 | D        | Reached XP level 7. HP: 15/77 MP: 6/6
   773 | D        | Noticed a kobold demonologist
   773 | D        | Noticed a kobold demonologist
   780 | D        | Noticed a rust devil
   781 | D        | Noticed a red devil
   784 | D        | Noticed a chaos spawn
   789 | D        | Killed a kobold demonologist
   792 | D        | Killed a kobold demonologist
   792 | D        | Reached **** piety under Trog
   792 | D        | Reached skill level 13 in Long Blades
   792 | D        | Reached skill level 10 in Dodging
   792 | D        | Reached XP level 8. HP: 86/86 MP: 7/7
   901 | D        | Noticed a demonic crawler
   901 | D        | Noticed a demonic crawler
   901 | D        | Noticed a demonic crawler
   901 | D        | Noticed a demonic crawler
   908 | D        | Killed a demonic crawler
   917 | D        | Killed a demonic crawler
   921 | D        | Killed a demonic crawler
   921 | D        | Reached skill level 14 in Long Blades
   921 | D        | Reached XP level 9. HP: 93/95 MP: 8/8
   927 | D        | Killed a demonic crawler
  1084 | D        | Noticed a lindwurm
  1102 | D        | Killed a lindwurm
  1102 | D        | Reached skill level 5 in Armour
  1225 | D        | Reached ***** piety under Trog
  1244 | D        | Reached skill level 15 in Fighting
  1244 | D        | Reached skill level 15 in Long Blades
  1254 | D        | Reached XP level 10. HP: 96/105 MP: 9/9
  1268 | D        | Reached ****** piety under Trog
  1277 | D        | Received a gift from Trog
  1382 | D        | Noticed a gargoyle
  1391 | D        | Killed a gargoyle
  1391 | D        | Reached skill level 10 in Armour
  1417 | D        | Noticed a centaur warrior
  1418 | D        | Noticed a centaur warrior
  1449 | D        | Killed a centaur warrior
  1601 | D        | Killed a centaur warrior
  1601 | D        | Reached skill level 16 in Long Blades
  1746 | D        | Noticed an oklob plant
  1752 | D        | Killed an oklob plant
  2032 | D        | Killed an unseen horror
  2032 | D        | Received a gift from Trog
  2040 | D        | Killed an unseen horror
  2040 | D        | Reached XP level 11. HP: 105/116 MP: 10/10
  2095 | D        | Received a gift from Trog
  2183 | D        | Got a pair of heavily runed boots
  2189 | D        | Identified the +1 pair of boots of Depression {rN+ Regen+}
                  | (You found it in the Dungeon)
  2221 | D        | Found Sukk's Magic Scroll Shoppe.
  2221 | D        | Found Rayzaf's Antique Armour Shop.
  2221 | D        | Found Ohemioce's Antique Weapon Boutique.
  2223 | D        | Found Duyr Jurgh's Assorted Antiques.
  2223 | D        | Found Sova's Weapon Shop.
  2223 | D        | Found Syenixi's Antique Weapon Shoppe.
  2223 | D        | Found Gipisoty's Gadget Boutique.
  2223 | D        | Found Peschuess's Book Emporium.
  2223 | D        | Found Ikhlesyi's General Store.
  2223 | D        | Found Cesujebo's General Store.
  2227 | D        | Found Ecveh's Armour Boutique.
  2228 | D        | Bought a potion of curing for 60 gold pieces
  2228 | D        | Found Voqodipn's Armour Emporium.
  2228 | D        | Found Hanuph's Jewellery Boutique.
  2229 | D        | Found Voeprer's Food Emporium.
  2239 | D        | Bought a ration for 55 gold pieces
  2241 | D        | Bought a +0 pair of gloves for 54 gold pieces
  2248 | D        | Bought the +1 cloak of Starlight {rElec rC+ EV+4 Stlth--}
                  | for 489 gold pieces
  2248 | D        | Found the +1 cloak of Starlight {rElec rC+ EV+4 Stlth--}
  2259 | D        | Bought a scroll of blinking for 97 gold pieces
  2265 | D        | Bought an uncursed ring of see invisible for 165 gold
                  | pieces
  2328 | D        | Noticed a daeva
  2331 | D        | Noticed an unseen horror
  2331 | D        | Noticed an unseen horror
  2331 | D        | Noticed an unseen horror
  2332 | D        | Noticed an unseen horror
  2334 | D        | Killed an unseen horror
  2334 | D        | Reached skill level 17 in Long Blades
  2336 | D        | Killed an unseen horror
  2336 | D        | Received a gift from Trog
  2337 | D        | Noticed an unseen horror
  2340 | D        | Killed an unseen horror
  2345 | D        | Killed an unseen horror
  2345 | D        | Reached skill level 15 in Armour
  2346 | D        | Killed an unseen horror
  2346 | D        | Reached skill level 5 in Evocations
  2412 | D        | Noticed a deep troll
  2416 | D        | Killed a deep troll
  2439 | D        | Found Cota's Armour Emporium.
  2456 | D        | Noticed Sonja
  2458 | D        | Killed Sonja
  2473 | D        | Found Gidaugui's Assorted Antiques.
  2481 | D        | Bought a triangular pearl amulet for 135 gold pieces
  2588 | D        | Noticed a 12-headed hydra
  2592 | D        | Killed a 13-headed hydra
  2592 | D        | Received a gift from Trog
  2740 | D        | Bought the ring "Juniwk" {rPois MR++ Stlth+} for 534 gold
                  | pieces
  2740 | D        | Bought an uncursed ring of protection from fire for 350
                  | gold pieces
  2837 | D        | Noticed a fire giant
  2838 | D        | Noticed a fire giant
  2839 | D        | Noticed a fire giant
  2853 | D        | Killed a fire giant
  2856 | D        | Killed a fire giant
  2856 | D        | Received a gift from Trog
  2856 | D        | Reached skill level 18 in Long Blades
  2857 | D        | Killed a fire giant
  2857 | D        | Reached XP level 12. HP: 102/127 MP: 14/17
  2874 | D        | Noticed a fire giant
  2925 | D        | Killed a fire giant
  2960 | D        | Identified the +4 dragonskin cloak
  2960 | D        | Noticed Tiamat
  3037 | D        | Bought a scroll of remove curse for 30 gold pieces
  3037 | D        | Bought a scroll of enchant weapon for 75 gold pieces
  3037 | D        | Bought a scroll of identify for 20 gold pieces
  3079 | D        | Bought a wand of digging (5) for 234 gold pieces
  3157 | D        | Killed a lorocyproca
  3157 | D        | Received a gift from Trog
  3157 | D        | Reached skill level 5 in Throwing
  3393 | D        | Killed a daeva
  3480 | D        | Bought a ration for 55 gold pieces
  3480 | D        | Bought a ration for 55 gold pieces
  3480 | D        | Bought a ration for 55 gold pieces
  3480 | D        | Bought a ration for 55 gold pieces
  3490 | D        | Bought a scroll of identify for 26 gold pieces
  3490 | D        | Bought a scroll of silence for 97 gold pieces
  3490 | D        | Bought a scroll of identify for 26 gold pieces
  3490 | D        | Bought a scroll of blinking for 97 gold pieces
  3490 | D        | Bought a scroll of fog for 26 gold pieces
  3499 | D        | Bought a +2 amulet of reflection for 105 gold pieces
  3510 | D        | Bought 2 lumpy orange potions for 36 gold pieces
  3510 | D        | Bought a bubbling emerald potion for 18 gold pieces
  3518 | D        | Bought a potion of might for 44 gold pieces
  3520 | D        | Bought a box of beasts for 260 gold pieces
  3523 | D        | Bought a potion of curing for 39 gold pieces
  3523 | D        | Bought a potion of heal wounds for 65 gold pieces
  3568 | D        | Bought a scroll of enchant weapon for 202 gold pieces
  3676 | D        | Reached skill level 10 in Evocations
  3677 | D        | Noticed a deep elf annihilator
  3713 | D        | Killed a deep elf annihilator
  3771 | D        | Noticed a shadow dragon
  3773 | D        | Noticed a golden dragon
  3785 | D        | Killed a golden dragon
  3785 | D        | Received a gift from Trog
  3785 | D        | Reached skill level 19 in Long Blades
  3792 | D        | Killed a shadow dragon
  3865 | D        | Found Hadwotub's Book Shoppe.
  3916 | D        | Noticed a mummy priest
  3918 | D        | Noticed the 27-headed Lernaean hydra
  4159 | D        | Killed the 26-headed Lernaean hydra
  4159 | D        | Reached skill level 20 in Long Blades
  4159 | D        | Reached XP level 13. HP: 134/134 MP: 19/19
  4182 | D        | Noticed a deep elf master archer
  4213 | D        | Killed a deep elf master archer
  4213 | D        | Received a gift from Trog
  4213 | D        | Reached skill level 10 in Throwing
  4287 | D        | Killed a mummy priest
  4467 | D        | Identified the Volume of the Creative Glacier
  4556 | D        | Identified the Papyrus of Lucky Changing
  4561 | D        | Noticed Lom Lobon
  4599 | D        | Killed from afar by Lom Lobon

Skill      XL: |  1  2  3  4  5  6  7  8  9 10 11 12 13 |
---------------+----------------------------------------+-----
Fighting       | 6 8 11 12 13 14 15 16 18 | 18.6
Long Blades    | 6 8 11 12 13 14 15 16 18 20 | 20.6
Dodging        | 7 10 12 13 14 | 14.0
Armour         | 8 13 16 18 | 18.8
Evocations     | 8 10 | 10.0
Throwing       | 4 9 10 | 10.3

Action                   |  1- 3 |  4- 6 |  7- 9 | 10-12 | 13-15 || total
-------------------------+-------+-------+-------+-------+-------++-------
Melee: Falchion          |    18 |    30 |    96 |    31 |       ||   175
       Headbutt          |     5 |    11 |    36 |    51 |     4 ||   107
       Triple sword      |       |       |       |   116 |    21 ||   137
       Great sword       |       |       |       |     9 |       ||     9
Throw: Javelin           |       |       |       |       |     2 ||     2
Invok: Berserk           |     1 |       |     2 |     4 |       ||     7
       Brothers in Arms  |       |       |     1 |     7 |     1 ||     9
       Trog's Hand       |       |       |       |     7 |     1 ||     8
 Abil: Evoke Flight      |       |       |       |       |     2 ||     2
Evoke: Wand              |       |       |       |     2 |       ||     2
  Use: Scroll            |       |       |       |     6 |     4 ||    10
       Potion            |       |       |       |       |     8 ||     8
  Eat: Ration            |       |       |     1 |     3 |     2 ||     6
       Chunk             |       |       |       |     7 |       ||     7
Armor: Animal skin       |     3 |       |       |       |       ||     3
       Leather armour    |     1 |     1 |    12 |     2 |       ||    16
       Plate armour      |       |       |    12 |    79 |    11 ||   102
Dodge: Dodged            |     8 |    10 |    51 |   136 |    12 ||   217
Block: Other             |       |       |       |     2 |       ||     2
       Rpst.: Falchion   |     3 |     3 |     5 |     8 |       ||    19
       Triple sword      |       |       |       |    10 |     4 ||    14
